 Dungeon Crawl Stone Soup version 0.18.1-47-g9310371 (webtiles) character file.

160 juanjsm the Changer (level 5, -4/33 HPs)
             Began as an Octopode Transmuter on June 21, 2016.
             Slain by AbsolutelyHaram's ghost (10 damage)
             ... on level 4 of the Dungeon.
             The game lasted 00:12:39 (2714 turns).

juanjsm the Changer (Octopode Transmuter)           Turns: 2714, Time: 00:12:40

Health: -4/33      AC:  1    Str: 10    XL:     5   Next: 41%
Magic:  8/8        EV:  8    Int: 16    God:
Gold:   176        SH:  0    Dex: 12    Spells: 2 memorised, 4 levels left

rFire  . . .     SeeInvis .       - Unarmed
rCold  . . .     Gourm    .     (no shield)
rNeg   . . .     Faith    .     (helmet restricted)
rPois  .         Spirit   .     e - amulet of rage
rElec  .         Dismiss  .     m - ring of flight
rCorr  .         Reflect  .     o - +1 ring of evasion
SustAt .         Harm     .     (no ring)
MR     .....                    (no ring)
Stlth  ++........               (no ring)
                                (no ring)
                                (no ring)
                                (no ring)

@: not resistant to hostile enchantments, unstealthy
A: almost no armour, amphibious, 8 rings, constrict 8, camouflage 1, gelatinous
body 1
a: Evoke Berserk Rage, Evoke Flight


You were on level 4 of the Dungeon.
You were not hungry.

You visited 1 branch of the dungeon, and saw 4 of its levels.

You collected 176 gold pieces.

Inventory:

Hand Weapons
 g - a +2 whip of venom
 k - a +0 dagger of venom
 u - a +0 hunting sling
Missiles
 a - 40 arrows
 d - 36 poisoned needles
Jewellery
 e - an amulet of rage (around mantle)
 m - a ring of flight (left tentacle)
 o - a +1 ring of evasion (right tentacle)
Wands
 r - a wand of random effects (18/48)
Scrolls
 f - 3 scrolls of noise {unknown}
 h - a scroll of recharging {unknown}
 i - 3 scrolls of identify {unknown}
 j - a scroll of immolation {unknown}
 l - a scroll of random uselessness {unknown}
 p - a scroll of teleportation {unknown}
 t - a scroll of blinking {unknown}
 w - 2 scrolls of remove curse {unknown}
 x - a scroll of enchant armour {unknown}
Potions
 n - a potion of flight {unknown}
 q - a potion of lignification {unknown}
 v - a potion of heal wounds {unknown}
Books
 b - a book of Changes

   Spells                             Type                      Level
   a - Beastly Appendage              Transmutation                1
   b - Sticks to Snakes               Transmutation                2
   c - Spider Form                    Transmutation/Poison         3
   d - Ice Form                       Ice/Transmutation            4
   e - Blade Hands                    Transmutation                5
Comestibles
 c - 2 bread rations
 s - a slice of pizza


   Skills:
 - Level 1.2 Fighting
 - Level 2.0 Dodging
 - Level 0.4 Stealth
 - Level 3.6 Unarmed Combat
 - Level 2.1 Spellcasting
 * Level 4.7 Transmutations


You had 4 spell levels left.
You knew the following spells:

 Your Spells              Type           Power        Failure   Level  Hunger
a - Beastly Appendage     Trmt           ###...       3%          1    #......
b - Spider Form           Trmt/Pois      #.........   28%         3    ###....


Dungeon Overview and Level Annotations

Branches:
Dungeon (4/15)
 Temple: D:4-7

Altars:
Ashenzari
Ru

Annotations:
D:4 AbsolutelyHaram's ghost, novice VSCK


Innate Abilities, Weirdness & Mutations

You cannot wear most types of armour.
You are amphibious.
You can wear up to eight rings at the same time.
You can use your tentacles to constrict eight enemies at once.
Your skin changes colour to match your surroundings (Stealth).
Your rubbery body absorbs attacks (AC +1).


Message History

Your Transmutations skill increases to level 4!
You have reached level 5!
You feel stronger.
You see here a giant frog corpse.
You butcher the giant frog corpse.
x - a chunk of flesh You see here a giant frog skeleton.
Your transformation has ended.
Eat a chunk of flesh? (ye/n/q/i?) This raw flesh tastes terrible.
You continue eating. x2
x - a scroll labeled AMAOGR XYTZA You start resting.
AbsolutelyHaram's ghost (novice Vine Stalker Chaos Knight) comes into view.
You start resting.
You see here a giant frog skeleton.
There is a stone staircase leading up here.
You can't go down here!
AbsolutelyHaram's ghost hits you!
You die...

.. #.# #.# ##.#####
......## ##
#.##...######..
#.#.#.#......# #
#............# ...
#.#.#@#......###.W#
#.##.W.#....#.....#
#.###.##....###...#
.#......รท....$$......
##.######.#...........
#.#.####.##### #.#.# #
..#.# ....#


You could see AbsolutelyHaram's ghost.

Vanquished Creatures
  A giant frog (D:4)
  An adder (D:3)
  An ooze (D:1)
  3 worms (D:2)
  2 dart slugs
  2 giant geckos (D:1)
  4 orcs (D:3)
  4 ball pythons
  3 giant cockroaches
  5 goblins
  11 hobgoblins
  3 jackals (D:2)
  9 kobolds
  A quokka (D:3)
  5 bats
  A giant newt (D:2)
  2 rats
58 creatures vanquished.

Notes
Turn   | Place    | Note
--------------------------------------------------------------
     0 | D:1      | juanjsm the Octopode Transmuter began the quest for the Orb.
     0 | D:1      | Reached XP level 1. HP: 13/13 MP: 3/3
    46 | D:1      | Reached XP level 2. HP: 13/18 MP: 5/5
   337 | D:2      | Reached XP level 3. HP: 22/23 MP: 4/6
   378 | D:2      | Learned a level 3 spell: Spider Form
   793 | D:3      | Found a shattered altar of Ashenzari.
   877 | D:3      | Reached skill level 3 in Transmutations
   969 | D:2      | Found a sacrificial altar of Ru.
  1226 | D:2      | Reached XP level 4. HP: 24/28 MP: 5/7
  2669 | D:4      | Noticed a giant frog
  2683 | D:4      | Killed a giant frog
  2683 | D:4      | Reached skill level 4 in Transmutations
  2683 | D:4      | Reached XP level 5. HP: 3/33 MP: 5/8
  2701 | D:4      | Noticed AbsolutelyHaram's ghost (novice VSCK)
  2714 | D:4      | Slain by AbsolutelyHaram's ghost

Skill      XL: |  1  2  3  4 |
---------------+-------------+-----
Transmutations | 3 4 |  4.7
Fighting       | |  1.2
Dodging        | |  2.0
Stealth        | |  0.4
Unarmed Combat | |  3.6
Spellcasting   | |  2.1

Action                   |  1- 3 |  4- 6 || total
-------------------------+-------+-------++-------
Melee: Unarmed           |    91 |    53 ||   144
       Constrict         |    24 |     8 ||    32
       Tentacles         |    15 |     6 ||    21
       Kick              |    19 |     8 ||    27
       Punch             |     1 |       ||     1
 Cast: Beastly Appendage |    21 |     8 ||    29
       Spider Form       |       |     3 ||     3
  Use: Potion            |       |     1 ||     1
 Stab: Sleeping          |     7 |     2 ||     9
       Distracted        |       |     1 ||     1
  Eat: Chunk             |     1 |     6 ||     7
Armor: Skin              |    11 |     4 ||    15
Dodge: Dodged            |    59 |    34 ||    93
